Unix NetHack Version 5.0.0-0 post-release - last build May  4 2026 22:22:43 (774f63e81ad911689b3a0859ea89b322d5daca8d,branch:main).

Game began 2026-05-05 05:01:14, ended 2026-05-05 05:34:29.

01246791210, lawful female dwarven Valkyrie

                   -----
                   |.<..
                   |!..|
                   |...|
                   ....|
                   ---|-
                    ####
                     #
                     %
    #            #####
    @            #
    '          ###
 ---.---     ###
 |......#########
 |....^|   ##
 |......####
 -------

01246791210 the Skirmisher  St:13 Dx:13 Co:15 In:7 Wi:12 Ch:9  Lawful
Dlvl:5  $:54 HP:0(33) Pw:3(3) AC:6  Xp:3 T:2869 

Latest messages:
 You kill the lichen!
 w - a lichen corpse.
 x - a scroll labeled TEMOV.
 You descend the stairs.
 The door opens.
 The jackal misses!
 The jackal bites!
 You miss the jackal.
 The jackal bites!
 You kill the jackal!
 The jackal just misses!
 The jackal bites!
 You kill the jackal!
 You see here a jackal corpse.
 You see here a jackal corpse.
 You have a little trouble lifting a jackal corpse.  Continue? [ynq] (q) q
 You miss the lichen.
 You kill the lichen!
 You see here a scroll labeled TEMOV.
 y - a scroll labeled TEMOV.
 A gush of water hits the straw golem!
 The straw golem hits!
 The straw golem misses!
 The straw golem hits!
 The straw golem hits again!
 The straw golem just misses!
 The straw golem hits!
 The straw golem hits!
 The straw golem hits again!
 The straw golem hits!
 The straw golem hits again!
 The straw golem hits!
 The straw golem hits again!
 You miss the kobold lord.
 The straw golem hits!
 The straw golem hits again!
 The kobold lord hits!
 You hit the kobold lord!
 The straw golem hits!
 The straw golem hits again!
 The kobold lord hits!
 You kill the kobold lord!
 The straw golem hits!
 The straw golem hits again!
 You die...
 Do you want your possessions identified? [ynq] (y) n
 Do you want to see your attributes? [ynq] (y) n
 Do you want an account of creatures vanquished? [ynaq] (y) n
 Do you want to see your conduct and achievements? [ynq] (y) n
 Do you want to see the dungeon overview? [ynq] (y) n

Inventory:
 Coins    ('$')
  $ - 54 gold pieces
 Weapons  (')')
  u - 7 blessed +2 orcish arrows
  b - a +0 dagger (alternate weapon; not wielded)
  a - a +1 dwarvish spear (weapon in right hand)
  n - a cursed +0 javelin
  i - a cursed +0 glaive
  q - a cursed -1 lance
 Armor    ('[')
  j - an uncursed +0 orcish helm
  c - an uncursed +3 small shield (being worn)
 Comestibles  ('%')
  w - an uncursed lichen corpse
 Scrolls  ('?')
  y - an uncursed scroll of enchant armor
  x - a cursed scroll of enchant armor
 Potions  ('!')
  p - an uncursed potion of confusion
  f - a blessed potion of see invisible
  m - an uncursed potion of sleeping
 Tools    ('(')
  l - an uncursed blindfold
  e - an uncursed oil lamp
 Gems/Stones  ('*')
  s - an uncursed fluorite stone
  o - 2 uncursed worthless pieces of yellow glass
  h - 6 uncursed rocks
 Boulders/Statues  ('`')
  v - an empty uncursed statue of a cave spider

01246791210 the Valkyrie's attributes:

Background:
 You were a Skirmisher, a level 3 dwarven Valkyrie.
 You were lawful, nominally on a mission for Tyr
 who was opposed by Odin (neutral) and Loki (chaotic).
 You were right-handed.
 You were in the Dungeons of Doom, on level 5.
 You entered the dungeon 2869 turns ago.
 It was nighttime.
 You had 74 experience points, 6 more were needed to attain level 4.

Basics:
 You had 0 out of 33 hit points.
 You had all 3 energy points (spell power).
 Your armor class was 6.
 Your wallet contained 54 zorkmids.
 Autopickup was off.

Final Characteristics:
 Your strength was 13 (peak:17, limit:18/100).
 Your dexterity was 13 (limit:20).
 Your constitution was 15 (limit:20).
 Your intelligence was 7 (limit:16).
 Your wisdom was 12 (limit:16).
 Your charisma was 9 (limit:16).

Final Status:
 You weren't hungry.
 You were unencumbered.
 You were wielding a spear.
 You had basic skill with spear.

Final Attributes:
 You were piously aligned.
 You were cold resistant.
 You had infravision.
 You were stealthy.
 You are dead.

Miscellaneous:
 You didn't encounter any bones levels.
 Total elapsed playing time was 33 minutes and 9 seconds.

Major events:
 Turn
    1: 01246791210 the lawful dwarven Valkyrie entered the dungeon
 1992: attained the rank of Skirmisher (level 3)
 2869: killed by a straw golem

You didn't know any spells.

Skills:
 Fighting Skills
   bare handed combat [Unskilled]
   two weapon combat  [Unskilled]
   riding             [Unskilled]
 Weapon Skills
   dagger             [Basic]
   axe                [Unskilled]
   pick-axe           [Unskilled]
   short sword        [Unskilled]
   broadsword         [Unskilled]
   long sword         [Unskilled]
   two-handed sword   [Unskilled]
   saber              [Unskilled]
   hammer             [Unskilled]
   quarterstaff       [Unskilled]
   polearms           [Unskilled]
   spear              [Basic]
   trident            [Unskilled]
   lance              [Unskilled]
   sling              [Unskilled]
 Spellcasting Skills
   attack spells      [Unskilled]
   escape spells      [Unskilled]

Voluntary challenges:
 Character rerolling was not enabled.
 You followed a strict vegan diet.
 You were an atheist.
 You were illiterate.
 You never genocided any monsters.
 You never polymorphed an object.
 You never changed form.
 You used no wishes.
Achievements:
 You attained the rank of Skirmisher.
 You entered a shop.

 The Dungeons of Doom: levels 1 to 5
    Level 1:
    Level 2:
    Level 3:
       A food shop, a fountain.
    Level 4:
       A weapon shop.
    Level 5: <- You were here.
       Final resting place for
          you, killed by a straw golem.


Vanquished creatures:
  a kobold leader
 an iguana
  2 coyotes
  a hobbit
  a yellow mold
  a gnome zombie
  4 geckos
  8 jackals
  a kobold
  2 goblins
  3 sewer rats
  7 grid bugs
  8 lichens
  5 newts
45 creatures vanquished.

No species were genocided or became extinct.

Game over:
                       ----------
                      /          \
                     /    REST    \
                    /      IN      \
                   /     PEACE      \
                  /                  \
                  |   01246791210    |
                  |      54 Au       |
                  |   killed by a    |
                  |   straw golem    |
                  |                  |
                  |                  |
                  |       2026       |
                 *|     *  *  *      | *
        _________)/\\_//(\/(/\)/\//\/|_)_______

Farvel 01246791210 the Valkyrie...

You died in The Dungeons of Doom on dungeon level 5 with 545 points,
and 54 pieces of gold, after 2869 moves.
You were level 3 with a maximum of 33 hit points when you died.

